 Dungeon Crawl Stone Soup version 0.14-a0-1266-g856eec9 (webtiles) character file.

104511 M4edhros the Prestidigitator (level 17, -1/109 HPs)
             Began as a Formicid Artificer on Dec 2, 2013.
             Was a High Priest of Fedhas.
             Killed by drain life
             ... invoked by a soul eater
             ... summoned by a deep elf sorcerer
              (4 damage)
             ... on Level 2 of the Elven Halls on Dec 3, 2013.
             The game lasted 02:39:24 (32473 turns).

M4edhros the Prestidigitator (Formicid Artificer)  Turns: 32473, Time: 02:39:24

HP  -1/109       AC 31     Str 17      XL: 17   Next: 45%
MP   0/26        EV  3     Int 17      God: Fedhas [*****.]
Gold 815         SH 21     Dex 11      Spells:  1 memorised, 13 levels left

rFire  + + .     SeeInvis +     C - +2,+0 elf long sword (elec)
rCold  + . .     Clarity  .     w - +4 plate armour of the Dolphin {rF+ Int+1}
rNeg   . . .     Conserve .     i - +0 shield (curse)
rPois  .         rCorr    .     (helmet unavailable)
rElec  .         rRot     .     p - +2 cloak {rPois}
SustAb . .       Spirit   +     a - +2 pair of elf gloves {archer}
rMut   .         Warding  .     (no boots)
Saprov . . .     Stasis   +     u - amulet of guardian spirit
                                e - ring "Dacuomye" {rC+ AC+3}
                                H - ring of invisibility

@: very heavily drained, quite resistant to hostile enchantments, extremely
unstealthy
A: permanent stasis, dig shafts and tunnels, four strong arms, poison weakness,
antennae 3, beak, large bone plates 1, fire resistance 1, low mp 2, regeneration
1, shaggy fur 1, weak 1, wild magic 1, exoskeleton 1
a: Dig, Shaft Self, Evolution, Sunlight, Growth, Reproduction, Rain, Renounce
Religion, Evoke Invisibility


You were on level 2 of the Elven Halls.
You worshipped Fedhas.
Fedhas was extremely pleased with you.
You were not hungry.

You visited 5 branches of the dungeon, and saw 31 of its levels.
You also visited: Ice Cave.

You collected 2981 gold pieces.
You spent 2166 gold pieces at shops.

Inventory:

Hand weapons
 c - a +2,+2 triple sword of freezing
 j - a +6,+6 elven short sword of draining
 o - a +4,+4 quarterstaff of chaos
 t - a +1,+2 sling
 C - a +2,+0 elven long sword of electrocution (weapon)
 N - the cursed +7,+6 morningstar of Exquisite Death {flame, rPois rF+ rC+ rN+}
   (You found it on level 2 of the Elven Halls)

   It emits flame when wielded, causing extra injury to most foes and up to
   double damage against particularly susceptible opponents.
   It protects you from fire.
   It protects you from cold.
   It protects you from poison.
   It protects you from negative energy.
   It has a curse placed upon it.
 Q - the cursed +3,+3 sabre of Ashenzari's Approval {slice, *Rage rElec rF+ rN+}
   (You found it on level 8 of the Dungeon)

   It inflicts extra damage upon your enemies.
   It protects you from fire.
   It insulates you from electricity.
   It protects you from negative energy.
   It makes you angry.
   It has a curse placed upon it.
 S - the +3,+3 quarterstaff "Shilirr" {venom, SInv}
   (You took it off an orc wizard on level 9 of the Dungeon)

   It poisons the flesh of those it strikes.
   It enhances your eyesight.
 Z - a +0 orcish blowgun
Missiles
 g - 4 needles of sleeping
 m - 30 sling bullets
 s - 13 steel sling bullets
 B - 4 curare-tipped needles
 V - 16 darts of dispersal (quivered)
Armour
 a - a +2 pair of elven gloves of archery (worn)
 i - a cursed +0 shield (worn)
 p - a +2 cloak of poison resistance (worn)
 w - the +4 plate armour of the Dolphin (worn) {rF+ Int+1}
   (You found it on level 6 of the Lair of Beasts)

   It affects your intelligence (+1).
   It protects you from fire.
Magical devices
 d - a wand of lightning (0)
 h - a wand of random effects (11)
 x - a wand of cold (1)
 D - a wand of enslavement (0)
 F - a wand of draining (0)
 J - a wand of paralysis (0)
 L - a wand of draining (8)
 M - a wand of confusion (0)
 R - a wand of draining (8)
 T - a wand of polymorph (7)
 U - a wand of draining (6)
Comestibles
 f - a bread ration
 v - 16 sultanas
 G - an apple
Scrolls
 k - a scroll of fog
 l - 3 scrolls of magic mapping
 z - 2 scrolls of enchant weapon I
Jewellery
 b - an uncursed amulet of warding
 e - the ring "Dacuomye" (right hand) {rC+ AC+3}
   (You found it on level 3 of the Lair of Beasts)

   [ring of protection]

   It affects your AC (+3).
   It protects you from cold.
 n - an uncursed ring of sustenance
 q - an uncursed ring of protection from cold
 u - an amulet of guardian spirit (around neck)
 A - an uncursed ring of protection from magic
 E - an uncursed amulet of rage
 H - a ring of invisibility (left hand)
 K - an uncursed ring of poison resistance
Potions
 O - a potion of restore abilities
 X - a potion of resistance {unknown}
Miscellaneous
 y - a lamp of fire
 I - a lamp of fire


   Skills:
 - Level 10.8(5.3) Fighting
 - Level 1.1(0.0) Short Blades
 * Level 5.8(1.0) Long Blades
 - Level 10.9(5.4) Staves
 - Level 7.3(2.3) Slings
 + Level 14.2(8.3) Armour
 - Level 1.7(0.0) Dodging
 - Level 4.5(0.0) Stealth
 + Level 10.7(5.2) Shields
 + Level 12.5(6.8) Invocations
 + Level 14.6(8.6) Evocations


You had 13 spell levels left.
You knew the following spells:

 Your Spells              Type           Power        Failure   Level  Hunger
a - Static Discharge      Conj/Air       #.......     100%        3    ####...


Dungeon Overview and Level Annotations

Branches:
Dungeon (16/16)            Temple (1/1) D:6             Orc (4/4) D:12
    Elf (2/3) Orc:4          Lair (8/8) D:11         Shoals (0/5) Lair:5
 Spider (0/5) Lair:5        Slime (0/6) Lair:6       Vaults (0/5) D:14
 Depths (0/6) D:16

Altars:
Ashenzari
Cheibriados
Elyvilon
Fedhas
Kikubaaqudgha
Makhleb
Nemelex Xobeh
Okawaru
Sif Muna
Trog
Vehumet
Xom
Yredelemnul
Zin
the Shining One
Beogh

Shops:
D:7 !   D:9 (   D:10 [   Orc:2 =   Orc:4 (%!=/[!*}   Elf:1 !   Elf:2 /

Annotations:
D:9 exclusion: 4 doors


Innate Abilities, Weirdness & Mutations

Your are under a permanent stasis effect.
You can dig through walls and to a lower floor.
Your four strong arms can wield any weapon, most with a shield.
You are susceptible to poison.
You have a pair of large antennae on your head (SInv).
Your body is surrounded by an exoskeleton. (HP +5, AC +1)
You have a beak for a mouth.
You are partially covered in large bone plates (AC +2, SH +2).
Your flesh is heat resistant.
Your magical capacity is very low (-20% MP).
Your natural rate of healing is unusually fast.
You are covered in fur (AC +1).
You are weak. (Str -2)
Your spells are a little harder to cast, but a little more powerful.


Message History

The deep elf sorcerer mumbles some strange words.
The orange rat bites your wandering mushroom.
Your wandering mushroom hits the orange rat.
The orange rat is engulfed in a cloud of spores!
Your wandering mushroom is destroyed!
Drink which item? (? for menu, Esc to quit)
Okay, then.
Evoke which item? (* to show all) (? for menu, Esc to quit)
Okay, then.
Read which item? (? for menu, Esc to quit)
As you read the scroll of fear, it crumbles to dust.
You assume a fearsome visage.
The deep elf sorcerer looks frightened!
The soul eater is unaffected.
The soul eater draws from the surrounding life force!
* * * LOW HITPOINT WARNING * * *
Drink which item? (? for menu, Esc to quit)
Okay, then.
The soul eater draws from the surrounding life force!
You die...
Fedhas appreciates your contribution to the ecosystem.

..(.......#.# #.# #
..........#.# #.# #
.........#.# #f# #
........55#.#####.# #
........{ee3).....##########
........{r#P###.............
#.......{{#..###############
##.....e.##.#.# #
##.....###@##.# # ##3..##
#.# #.# # ##.# #.# #.# # #'
#.# ## # #. #.# # # #.# ##
#.# #. ..# #. ### ##


You could see a soul eater and a deep elf knight (invisible).

Vanquished Creatures
  An orc warlord (Orc:4)
  A deep elf sorcerer (Elf:1)
  A deep elf demonologist (Elf:2)
  3 ogre magi (Orc:4)
  An ice dragon (D:16)
  5 hydras
  The ghost of patman the Unseen, an experienced SpBe of Trog (Lair:2)
  3 centaur warriors
  The ghost of ketsa the Cleaver, an experienced FoAK of Lugonu (D:7)
  An ice devil (IceCv)
  3 skeletal warriors (D:11)
  7 deep elf conjurers
  4 deep elf knights
  3 unseen horrors
  A catoblepas (Lair:8)
  A wizard (D:16)
  2 ice statues (IceCv)
  5 large abominations
  3 hill giants
  Pikel (D:9)
  An unseen horror (shapeshifter) (Lair:7)
  An orc knight (Orc:1)
  A wolf spider (D:14)
  A griffon (Lair:8)
  4 cyclopes
  A red wasp (Lair:8)
  2 elephants (Lair:5)
  4 octopodes
  2 black mambas
  6 deep elf summoners
  10 spiny frogs
  An item mimic (D:16)
  A brown ooze (Lair:6)
  A feature mimic (Lair:6)
  A basilisk (Lair:5)
  4 komodo dragons
  A yaktaur (shapeshifter) (D:15)
  2 trolls
  A polar bear (Lair:7)
  9 deep elf priests
  4 red devils (Elf:1)
  7 blue devils (IceCv)
  7 spriggans
  9 blink frogs
  A giant firefly (Lair:8)
  9 two-headed ogres
  A hydra skeleton (D:12)
  12 deep elf magi
  A brown ooze (shapeshifter) (D:13)
  A wolf spider simulacrum (D:15)
  13 grizzly bears
  A trapdoor spider (Elf:1)
  15 ugly things
  A boulder beetle (Lair:8)
  3 water elementals
  A wraith (D:11)
  36 yaks
  2 fire dragon skeletons (D:12)
  4 wyverns
  6 hippogriffs
  An elephant slug (Lair:7)
  3 hungry ghosts
  A snapping turtle (Lair:5)
  6 sharks
  11 deep elf fighters
  2 hill giant skeletons
  A vampire (D:15)
  2 soldier ants
  26 wolves
  4 manticores
  A molten gargoyle (Elf:2)
  5 porcupines
  5 ice beasts
  5 mottled dragons
  13 orc warriors
  2 dwarves (Orc:2)
  A yellow wasp (D:9)
  A necrophage (D:6)
  5 phantoms
  10 black bears
  4 small abominations (D:16)
  12 ogres
  7 giant goldfish
  3 boring beetles
  9 water moccasins
  2 big kobolds
  12 centaurs
  8 crocodiles
  2 wargs
  2 giant slugs
  2 gnoll sergeants (D:8)
  9 worker ants
  2 agate snails
  19 giant frogs
  3 lava worms (D:12)
  5 formicids (Lair:6)
  A cyclops skeleton (D:14)
  2 eyes of draining
  8 killer bees
  2 lava fish (D:12)
  2 wyvern skeletons
  A jelly (D:11)
  2 troll skeletons
  7 electric eels
  A hippogriff skeleton (D:7)
  5 wights (D:12)
  A giant frog zombie (D:5)
  7 jellyfish
  A quasit (D:12)
  7 crimson imps
  3 goliath beetles
  9 hounds
  A centaur skeleton (D:10)
  2 lava snakes (D:12)
  3 big fish
  A gnoll shaman (D:4)
  9 spiders (Lair:5)
  2 scorpions
  A water moccasin skeleton (D:5)
  6 iguanas
  16 orc priests
  A boulder beetle simulacrum (D:16)
  2 orange rats (Elf:2)
  24 orc wizards
  21 sheep
  A big kobold skeleton (D:7)
  3 boggarts (D:15)
  A mottled dragon skeleton (D:16)
  2 hound skeletons
  Crazy Yiuf (D:2)
  3 mummies
  16 adders
  40 gnolls
  9 giant centipedes
  42 green rats
  A giant mite (D:2)
  8 white imps
  5 worms
  9 ufetubi
  5 giant eyeballs
  4 giant geckos
  3 oozes
  121 orcs
  2 ball pythons
  26 bats
  A bat skeleton (D:6)
  A bat zombie (Lair:5)
  6 giant cockroaches
  10 goblins
  14 hobgoblins
  30 jackals
  8 quokkas
  6 giant newts
  28 illusory rakshasas (D:13)
  20 kobolds
  A kobold zombie (D:5)
  2 orc skeletons (D:6)
  2 orc zombies
  14 rats
  3 fungi (Lair:8)
1038 creatures vanquished.

Vanquished Creatures (collateral kills)
  Gastronok (Lair:3)
  An orc warlord (Orc:4)
  Harold (Lair:3)
  Snorg (D:15)
  2 fire dragons (D:16)
  2 wandering mushrooms (Orc:4)
  3 hydras
  A centaur warrior (D:15)
  2 ogre magi
  A rakshasa (D:13)
  A deep elf knight (Elf:2)
  2 skeletal warriors (D:11)
  A large abomination (D:16)
  An unseen horror (D:14)
  A hill giant (D:15)
  An ice statue (Elf:1)
  A deep elf conjurer (Elf:1)
  An orc sorcerer (Orc:4)
  A sixfirhy (Elf:2)
  An elephant (Lair:5)
  A deep elf summoner (Elf:2)
  2 spiny frogs
  A fire drake (Lair:8)
  A red devil (Elf:1)
  A komodo dragon (Lair:2)
  A wolf spider simulacrum (D:15)
  A troll (Orc:4)
  Prince Ribbit (D:9)
  A formicid drone (Lair:6)
  3 blink frogs (Lair:8)
  14 ugly things
  A wyvern (D:13)
  2 water elementals (D:13)
  10 yaks
  4 deep elf fighters
  2 hungry ghosts (D:9)
  A hill giant skeleton (D:16)
  9 two-headed ogres (Orc:4)
  3 molten gargoyles (Elf:2)
  5 deep elf magi
  A manticore (D:9)
  2 wolves (Lair:1)
  3 small abominations (D:16)
  4 ice beasts
  A giant goldfish (Lair:7)
  13 orc warriors
  A sky beast (D:6)
  13 ogres
  3 wargs (Orc:4)
  2 water moccasins
  2 gnoll sergeants
  2 giant frogs
  3 killer bees
  An electric eel (D:13)
  2 crimson imps
  A hound (D:10)
  3 jellies
  3 orc priests
  2 gnoll shamans (D:4)
  A giant frog skeleton (D:4)
  An iguana (D:4)
  A big fish (D:13)
  8 orc wizards
  3 worker ants
  An orange rat (Elf:2)
  6 sheep (Lair:8)
  A green rat (Lair:8)
  3 adders
  A giant centipede (Lair:5)
  18 gnolls
  An orc zombie (Orc:4)
  7 white imps (Orc:4)
  A worm (Lair:2)
  42 orcs
  A bat (D:8)
  A hobgoblin (Orc:2)
  4 jackals
  2 kobolds
  2 giant spores
  A goblin (Orc:3)
  9 illusory rakshasas (D:13)
  2 quokkas
  5 toadstools
274 creatures vanquished.

Vanquished Creatures (others)
  An oklob plant (Elf:1)
  A deep elf high priest (Elf:1)
  A deep elf knight (Elf:2)
  A deep elf mage (Elf:2)
  2 fire elementals (IceCv)
  A deep elf fighter (Elf:2)
  2 slaves (D:9)
  An electric eel (Lair:8)
  A warg zombie (Orc:4)
  A killer bee zombie (D:12)
  An orc wizard (D:9)
  A gnoll (D:4)
  4 white imps (IceCv)
  A goliath beetle zombie (D:10)
  2 ufetubi (IceCv)
  A giant gecko (D:9)
  An orc (D:9)
  60 wandering mushrooms
  7 fungi
  5 plants
  729 toadstools
824 creatures vanquished.

Grand Total: 2136 creatures vanquished

Notes
Turn   | Place    | Note
--------------------------------------------------------------
     0 | D:1      | M4edhros, the Formicid Artificer, began the quest for the Orb.
     0 | D:1      | Reached XP level 1. HP: 17/17 MP: 1/1
   180 | D:1      | Reached XP level 2. HP: 21/21 MP: 3/3
   200 | D:1      | Reached skill level 4 in Evocations
   598 | D:1      | Reached XP level 3. HP: 25/25 MP: 5/5
   863 | D:2      | Noticed Crazy Yiuf
   875 | D:2      | Killed Crazy Yiuf
  1107 | D:2      | Reached skill level 5 in Evocations
  1107 | D:2      | Reached XP level 4. HP: 25/30 MP: 7/7
  1237 | D:2      | Gained mutation: Your spells are a little harder to cast, but a little more powerful. [potion of mutation]
  1237 | D:2      | Gained mutation: You are covered in fur (AC +1). [potion of mutation]
  1237 | D:2      | Gained mutation: Your natural rate of healing is unusually fast. [potion of mutation]
  1238 | D:2      | Gained mutation: Armour fits poorly on your strangely shaped body. [potion of mutation]
  1238 | D:2      | Gained mutation: You have a slow metabolism. [potion of mutation]
  1659 | D:2      | Reached skill level 1 in Armour
  1711 | D:3      | Reached XP level 5. HP: 34/34 MP: 9/9
  1754 | D:4      | Reached skill level 1 in Staves
  2170 | D:4      | Reached XP level 6. HP: 12/40 MP: 11/11
  2685 | D:4      | Noticed an ogre
  2825 | D:5      | Entered Level 5 of the Dungeon
  2896 | D:5      | Reached XP level 7. HP: 42/46 MP: 13/13
  3144 | D:5      | Noticed a phantom
  3183 | D:5      | Killed a phantom
  3252 | D:5      | Found a glowing silver altar of Zin.
  3398 | D:5      | Reached XP level 8. HP: 50/53 MP: 15/15
  3808 | D:6      | Found a staircase to the Ecumenical Temple.
  3837 | D:6      | Reached skill level 5 in Armour
  3840 | Temple   | Entered the Ecumenical Temple
  4003 | Temple   | Became a worshipper of Fedhas Madash
  4131 | D:4      | Noticed an ogre
  4134 | D:4      | Killed an ogre
  4134 | D:4      | Reached skill level 6 in Evocations
  5200 | D:3      | Acquired Fedhas' first power
  5468 | D:3      | Found a burning altar of Makhleb.
  5468 | D:3      | Noticed an Executioner
  5471 | D:3      | Noticed a smoke demon
  5471 | D:3      | Noticed a hellwing
  5737 | D:4      | Reached XP level 9. HP: 40/57 MP: 18/18
  5820 | D:4      | Reached skill level 7 in Evocations
  6074 | D:4      | Acquired Fedhas' second power
  6081 | D:4      | Noticed an ogre
  6177 | D:4      | Killed an ogre
  6365 | D:6      | Reached skill level 1 in Shields
  6468 | D:6      | Reached skill level 5 in Fighting
  6831 | D:6      | Reached skill level 5 in Staves
  6911 | D:6      | Gained mutation: You have a beak for a mouth. [potion of mutation]
  6911 | D:6      | Gained mutation: You have large cloven feet. [potion of mutation]
  6939 | D:7      | Found Poewoasa's Distillery.
  6952 | D:7      | Bought a potion of heal wounds for 42 gold pieces
  6952 | D:7      | Bought a potion of mutation for 42 gold pieces
  6952 | D:7      | Bought a potion of mutation for 42 gold pieces
  6953 | D:7      | Gained mutation: You are partially covered in thin metallic scales (AC +2). [potion of mutation]
  6954 | D:7      | Lost mutation: Armour fits poorly on your strangely shaped body. [potion of mutation]
  6954 | D:7      | Lost mutation: You have a slow metabolism. [potion of mutation]
  7104 | D:7      | Reached skill level 8 in Evocations
  7152 | D:7      | Found a white marble altar of Elyvilon.
  7188 | D:7      | Noticed a spriggan baker
  7193 | D:7      | Killed a spriggan baker
  7193 | D:7      | Reached skill level 1 in Invocations
  7205 | D:7      | Acquired Fedhas' third power
  7381 | D:7      | Noticed ketsa's ghost (experienced FoAK)
  7392 | D:7      | Killed ketsa's ghost
  7392 | D:7      | Reached XP level 10. HP: 64/64 MP: 21/21
  7575 | D:7      | Found a sparkling altar of Nemelex Xobeh.
  7731 | D:8      | Reached skill level 9 in Evocations
  7755 | D:8      | Learned a level 3 spell: Static Discharge
  8197 | D:8      | Found an iron altar of Okawaru.
  8200 | D:8      | Acquired Fedhas' fourth power
  8485 | D:9      | Noticed Pikel
  8495 | D:9      | Killed Pikel
  8524 | D:9      | Noticed a griffon
  8733 | D:9      | Found Suciq's Weapon Shop.
  8744 | D:9      | Bought 17 darts of dispersal for 76 gold pieces
  8815 | D:9      | Reached XP level 11. HP: 59/69 MP: 24/24
  8850 | D:9      | Noticed Prince Ribbit
  8858 | D:9      | Killed Prince Ribbit
  8929 | D:9      | Reached skill level 10 in Evocations
  9143 | D:10     | Entered Level 10 of the Dungeon
  9161 | D:10     | Found Tiuwiqoo's Armour Emporium.
  9393 | D:10     | Reached skill level 5 in Invocations
 10551 | D:11     | Noticed a hill giant
 10560 | D:11     | Killed a hill giant
 10688 | D:11     | Found a staircase to the Lair.
 10720 | D:11     | Noticed a cyclops
 10752 | D:11     | Killed a cyclops
 10846 | D:11     | Reached skill level 5 in Shields
 11002 | D:11     | Noticed a skeletal warrior
 11040 | D:11     | Killed a skeletal warrior
 11067 | D:11     | Noticed a skeletal warrior
 11068 | D:11     | Noticed a skeletal warrior
 11088 | D:11     | Killed a skeletal warrior
 11102 | D:11     | Killed a skeletal warrior
 11107 | D:11     | Identified a scroll of acquirement
 11130 | D:11     | Noticed a skeletal warrior
 11225 | Lair:1   | Entered Level 1 of the Lair of Beasts
 11280 | Lair:1   | Reached XP level 12. HP: 75/77 MP: 25/25
 11467 | Lair:1   | Reached skill level 1 in Slings
 11718 | Lair:1   | Acquired Fedhas' fifth power
 12412 | Lair:2   | Reached skill level 11 in Evocations
 12496 | Lair:2   | Noticed patman's ghost (experienced SpBe)
 12504 | Lair:2   | Killed patman's ghost
 13153 | Lair:3   | Reached skill level 10 in Armour
 13225 | Lair:3   | Noticed Gastronok
 13227 | Lair:3   | Noticed Harold
 13247 | Lair:3   | Killed Gastronok
 13263 | Lair:3   | Killed Harold
 13334 | Lair:3   | Reached XP level 13. HP: 72/83 MP: 27/27
 13453 | Lair:3   | Got a crude steel ring
 13454 | Lair:3   | Identified the ring "Dacuomye" {rC+ AC+3} (You found it on level 3 of the Lair of Beasts)
 14748 | Lair:5   | Found a hole to the Spider Nest.
 15562 | Lair:5   | Found a staircase to the Shoals.
 15757 | Lair:6   | Got a slimy plate armour
 15758 | Lair:6   | Identified the +4 plate armour of the Dolphin {rF+ Int+1} (You found it on level 6 of the Lair of Beasts)
 16135 | Lair:6   | Noticed a five-headed hydra
 16141 | Lair:6   | Killed a five-headed hydra
 16141 | Lair:6   | Reached skill level 5 in Slings
 16141 | Lair:6   | Reached skill level 12 in Evocations
 16203 | Lair:6   | Found a staircase to the Slime Pits.
 16869 | Lair:7   | Noticed a six-headed hydra
 16881 | Lair:7   | Killed a six-headed hydra
 17287 | Lair:8   | Entered Level 8 of the Lair of Beasts
 17291 | Lair:8   | Noticed an eight-headed hydra
 17297 | Lair:8   | Killed an eight-headed hydra
 17297 | Lair:8   | Reached XP level 14. HP: 87/89 MP: 29/29
 17350 | Lair:8   | Noticed a four-headed hydra
 17364 | Lair:8   | Killed a four-headed hydra
 17840 | Lair:8   | Noticed a spriggan rider
 17844 | Lair:8   | Killed a spriggan
 17856 | Lair:8   | Killed a giant firefly
 17964 | Lair:8   | Noticed a six-headed hydra
 17969 | Lair:8   | Reached skill level 10 in Invocations
 17979 | Lair:8   | Ladykiller69: wooooah
 17979 | Lair:8   | M4edhros: good moment to join
 17979 | Lair:8   | M4edhros: : )
 17979 | Lair:8   | Ladykiller69: a berserking hydra
 17979 | Lair:8   | Ladykiller69: just
 17979 | Lair:8   | Ladykiller69: how did that happen exactly
 17979 | Lair:8   | M4edhros: normal thing
 17979 | Lair:8   | Yermak: So, how do you find this strawberry fields?
 17979 | Lair:8   | M4edhros: was punching it
 17982 | Lair:8   | Killed a six-headed hydra
 17983 | Lair:8   | Yermak: good done
 18101 | Lair:8   | M4edhros: i have some muts
 18101 | Lair:8   | M4edhros: on me
 18101 | Lair:8   | Ladykiller69: nice
 18101 | Lair:8   | M4edhros: 3 ac and reg
 18101 | Lair:8   | M4edhros: had poor armor mut
 18101 | Lair:8   | Yermak: Do you feel like continue gambling?
 18101 | Lair:8   | M4edhros: prolly yes
 18101 | Lair:8   | Ladykiller69: but seriously, why did that hydra go zerk?
 18101 | Lair:8   | Yermak: Chaos stave
 18101 | Lair:8   | M4edhros: i hit it with staff of chaos
 18101 | Lair:8   | Ladykiller69: ah
 18101 | Lair:8   | Ladykiller69: yiuffian
 18147 | Lair:8   | Ladykiller69: you really seem to like gambling
 18177 | Lair:8   | Yermak: you doubled yak
 18177 | Lair:8   | M4edhros: yep i did lol
 18177 | Lair:8   | Ladykiller69: fun
 18177 | Lair:8   | M4edhros: good to know it can happen
 18270 | Lair:8   | Yermak: Imagine doubling Cerebov
 18277 | Lair:8   | Noticed a five-headed hydra
 18280 | Lair:8   | Ladykiller69: anything can happen if you let xom into your heart
 18288 | Lair:8   | Killed a five-headed hydra
 18306 | Lair:8   | Ladykiller69: does fedhas not mind you teamkilling?
 18308 | Lair:8   | M4edhros: he protects
 18309 | Lair:8   | M4edhros: my plants
 18309 | Lair:8   | Ladykiller69: huh
 18309 | Lair:8   | Ladykiller69: whats going on
 18309 | Lair:8   | M4edhros: internet connection
 18309 | Lair:8   | M4edhros: problem
 19079 | D:11     | Killed a skeletal warrior
 19194 | D:11     | Noticed a skeletal warrior
 19229 | D:11     | Killed a skeletal warrior
 19577 | D:12     | M4edhros: xD
 19577 | D:12     | M4edhros: lol.
 19577 | D:12     | M4edhros: this is fun
 19637 | D:12     | Ladykiller69: why staves?
 19988 | D:12     | Found a staircase to the Orcish Mines.
 20006 | D:12     | Reached XP level 15. HP: 96/96 MP: 30/30
 20592 | D:11     | M4edhros: lajatang
 20592 | D:11     | M4edhros: with shield
 20592 | D:11     | M4edhros: i think it is powerfull
 20592 | D:11     | Ladykiller69: hm
 20592 | D:11     | M4edhros: always wanted to try it with my octopodes
 20592 | D:11     | Ladykiller69: interesting
 20671 | D:8      | Got a transparent sabre
 20672 | D:8      | Identified the +3,+3 sabre of Ashenzari's Approval {slice, *Rage rElec rF+ rN+} (You found it on level 8 of the Dungeon)
 20715 | D:9      | Ladykiller69: I didnt even think anyone would really consider anything besides axes
 20715 | D:9      | Got a bone quarterstaff
 20716 | D:9      | Identified the +3,+3 quarterstaff "Shilirr" {venom, SInv} (You took it off an orc wizard on level 9 of the Dungeon)
 20717 | D:9      | M4edhros: ha!
 20717 | D:9      | M4edhros: nice one
 20717 | D:9      | M4edhros: lol, funny
 20717 | D:9      | M4edhros: u see how lucky this was
 20717 | D:9      | M4edhros: i went for artifact sabre on 8 lvl
 20717 | D:9      | M4edhros: and went down to go back to 12
 20717 | D:9      | M4edhros: and on 9 i meet orc with art quarterstaff
 20717 | D:9      | M4edhros: its so nice
 20791 | D:12     | M4edhros: hmm, axes are nice
 20791 | D:12     | M4edhros: but lajatang is one of best weapons
 21072 | D:13     | Ladykiller69: whaaatt
 21120 | D:13     | Ladykiller69: why would you do that
 21126 | D:13     | M4edhros: to get some muts
 21126 | D:13     | Ladykiller69: mutagenic chunks malmutate
 21139 | D:13     | M4edhros: nah
 21139 | D:13     | Ladykiller69: half the time
 21139 | D:13     | M4edhros: i seem to be lucky with it
 21412 | D:13     | Reached skill level 13 in Evocations
 21505 | D:13     | Reached skill level 10 in Staves
 21630 | D:13     | You fall through a shaft for 3 floors!
 21630 | D:16     | Entered Level 16 of the Dungeon
 21633 | D:16     | M4edhros: omg
 21633 | D:16     | M4edhros: what?
 21744 | D:16     | M4edhros: heh
 21744 | D:16     | M4edhros: lol
 21744 | D:16     | M4edhros: rly
 22102 | D:16     | Got a faintly glowing leather armour
 22103 | D:16     | Identified the +0 leather armour of Shadows and Fog {Dex+4} (You found it on level 16 of the Dungeon)
 22246 | D:16     | Reached skill level 10 in Fighting
 22394 | D:16     | Found a staircase to the Depths.
 22452 | D:16     | Ladykiller69: but seriously
 22452 | D:16     | Ladykiller69: mutagenic meat is bound to give bad mutations 50%& of the time
 22713 | D:16     | Got a shimmering steel ring
 22715 | D:16     | Got a fine iron ring
 22716 | D:16     | Identified the ring of the Coward {Contam +Inv rC+ MR++ Dam-4} (You found it on level 16 of the Dungeon)
 22717 | D:16     | Identified the ring "Haugo" {Ice Int+2 SInv} (You found it on level 16 of the Dungeon)
 22718 | D:16     | M4edhros: Eating flesh from a mutagenic corpse grants a living character a random mutation
 22718 | D:16     | M4edhros: its from chaosforge.com
 22718 | D:16     | M4edhros: so its either good or bad mut
 22718 | D:16     | M4edhros: same as pot of mut
 22718 | D:16     | Ladykiller69: uh
 22719 | D:16     | Ladykiller69: that would be the wiki wouldnt it
 22720 | D:16     | Ladykiller69: there is one thing you have to know about wiki
 22720 | D:16     | Ladykiller69: it sucks
 22722 | D:16     | Ladykiller69: and lies
 22823 | D:16     | M4edhros: still, i get good and bad mutations, it seems like 50% for good or bad mut
 23065 | D:16     | Ladykiller69: maybe it got changed
 23118 | D:16     | M4edhros: it worked like that always
 23118 | D:16     | M4edhros: since 0.8 when i started to play
 23124 | D:15     | Entered Level 15 of the Dungeon
 23155 | D:15     | Gained mutation: You possess an exceptional clarity of mind. [mutagenic meat]
 23156 | D:15     | Gained mutation: Your magical capacity is low (-10% MP). [mutagenic meat]
 23157 | D:15     | Lost mutation: You are partially covered in thin metallic scales (AC +2). [mutagenic meat]
 23158 | D:15     | Gained mutation: You are weak. (Str -2) [mutagenic meat]
 23697 | D:15     | Noticed Snorg
 23708 | D:15     | Killed Snorg
 24140 | D:14     | Reached XP level 16. HP: 95/103 MP: 27/27
 24179 | D:14     | Got a steaming helmet
 24180 | D:14     | Identified the cursed -1 helmet of Cichekoc {rN+ Stlth+} (You found it on level 14 of the Dungeon)
 24289 | D:14     | Lost mutation: Your spells are a little harder to cast, but a little more powerful. [mutagenic meat]
 24290 | D:14     | Gained mutation: You are partially covered in large bone plates (AC +2, SH +2). [mutagenic meat]
 24304 | D:14     | M4edhros: you see
 24304 | D:14     | M4edhros: it seems to work 50/50 way
 24497 | D:14     | Found a gate to the Vaults.
 25645 | D:13     | M4edhros: i need to go
 25645 | D:13     | M4edhros: tx for watchin
 25645 | D:13     | M4edhros: see later
 25645 | D:13     | Ladykiller69: bb
 25793 | Orc:1    | Entered Level 1 of the Orcish Mines
 26234 | Orc:2    | Found an iron altar of Okawaru.
 26771 | Orc:1    | Found a roughly hewn altar of Beogh.
 26787 | Orc:1    | Gained mutation: Your flesh is heat resistant. [potion of beneficial mutation]
 27017 | Orc:2    | Found Isekhutuy's Jewellery Shop.
 27104 | Orc:4    | Entered Level 4 of the Orcish Mines
 27136 | Orc:4    | Upgraded the game from 0.14-a0-1254-g249fea6 to 0.14-a0-1266-g856eec9
 27137 | Orc:4    | Found Feadda's Food Boutique.
 27256 | Orc:4    | Found a frozen archway.
 27323 | IceCv    | Entered an ice cave
 28017 | IceCv    | Got a brightly glowing ice dragon armour
 28018 | IceCv    | Identified the cursed -5 ice dragon armour of the Leaf {+Fly rF- rC++ MR+ Dex+1} (You found it in an ice cave)
 28201 | IceCv    | Reached skill level 1 in Long Blades
 28201 | IceCv    | Reached skill level 14 in Evocations
 28416 | Orc:4    | Reached skill level 10 in Shields
 28783 | Orc:4    | Found Plifiggu's Magical Wand Shoppe.
 28783 | Orc:4    | Found Ereaf's Distillery.
 28783 | Orc:4    | Found Jedinoeh's Antique Armour Boutique.
 28783 | Orc:4    | Found Magawia's Jewellery Shoppe.
 28799 | Orc:4    | Bought a potion of heal wounds for 42 gold pieces
 28825 | Orc:4    | Bought an uncursed amulet of guardian spirit for 300 gold pieces
 28866 | Orc:4    | Found Qosiotib's Gadget Shoppe.
 28871 | Orc:4    | Found Braurch's Distillery.
 28872 | Orc:4    | Found a staircase to the Elven Halls.
 28878 | Orc:4    | Found Shietur's Assorted Antiques.
 28898 | Orc:4    | Bought a potion of beneficial mutation for 595 gold pieces
 28932 | Orc:4    | Gained mutation: Your spells are a little harder to cast, but a little more powerful. [potion of beneficial mutation]
 28969 | Orc:4    | Found Psity's Antique Weapon Shoppe.
 29458 | Orc:4    | Bought 2 potions of heal wounds for 96 gold pieces
 29466 | Orc:4    | Bought an ornate deck of changes for 600 gold pieces
 29530 | Orc:3    | Found an iron altar of Okawaru.
 29673 | D:10     | Lost mutation: You possess an exceptional clarity of mind. [helix card]
 29673 | D:10     | Lost mutation: You have large cloven feet. [helix card]
 29674 | D:10     | Gained mutation: Your magical capacity is very low (-20% MP). [helix card]
 29849 | Elf:1    | Entered Level 1 of the Elven Halls
 29958 | Elf:1    | Found Toudd's Distillery.
 29970 | Elf:1    | Bought a potion of heal wounds for 45 gold pieces
 30458 | Elf:1    | Reached XP level 17. HP: 109/109 MP: 25/25
 31749 | Elf:2    | Reached skill level 5 in Long Blades
 31901 | Elf:2    | Found Vefuh's Magical Wand Shoppe.
 31924 | Elf:2    | Got a shimmering morningstar
 31925 | Elf:2    | Identified the cursed +7,+6 morningstar of Exquisite Death {flame, rPois rF+ rC+ rN+} (You found it on level 2 of the Elven Halls)
 31941 | Elf:2    | Bought a wand of draining (8) for 156 gold pieces
 31941 | Elf:2    | Bought a wand of draining (6) for 130 gold pieces
 32472 | Elf:2    | HP: 2/109 [soul eater/drain life[a deep elf sorcerer] (11)]
 32473 | Elf:2    | Killed from afar by a soul eater

Action                   |  1- 3 |  4- 6 |  7- 9 | 10-12 | 13-15 | 16-18 || total
-------------------------+-------+-------+-------+-------+-------+-------++-------
Melee: Short sword       |    22 |       |       |       |       |   109 ||   131
       Spear             |    29 |       |       |       |       |       ||    29
       Quarterstaff      |     2 |   132 |   313 |   709 |  1830 |  1386 ||  4372
       Halberd           |       |       |       |     3 |       |       ||     3
       Trident           |       |       |       |       |       |   135 ||   135
       Triple sword      |       |       |       |       |       |    32 ||    32
       Long sword        |       |       |       |       |       |    23 ||    23
 Fire: Sling             |       |       |       |     4 |       |       ||     4
Throw: Dart              |       |       |       |       |       |     1 ||     1
Invok: Evolution         |       |       |     4 |     8 |    22 |    30 ||    64
       Sunlight          |       |       |     1 |     1 |     8 |     2 ||    12
       Reproduction      |       |       |       |       |     1 |     1 ||     2
       Growth            |       |       |       |       |     1 |     3 ||     4
       Rain              |       |       |       |       |     1 |     1 ||     2
 Abil: Dig               |       |     2 |     1 |     9 |    10 |    59 ||    81
       Evoke Invisibilit |       |       |       |       |       |     1 ||     1
Evoke: Wand              |     4 |     2 |    16 |    36 |    32 |    38 ||   128
       lamp of fire      |       |       |       |       |     1 |     3 ||     4
       Deck              |       |       |       |       |       |     5 ||     5
  Use: Potion            |       |     6 |     8 |     3 |     2 |    17 ||    36
       Scroll            |       |     9 |     2 |    13 |    18 |     9 ||    51
 Stab: Petrified         |       |     2 |       |       |     6 |       ||     8
       Paralysed         |       |       |     6 |    14 |    40 |       ||    60
       Confused          |       |       |     4 |     8 |    29 |    13 ||    54
       Sleeping          |       |       |     2 |       |       |       ||     2
       Petrifying        |       |       |       |     2 |     6 |       ||     8
       Distracted        |       |       |       |     3 |     3 |     5 ||    11
       Fleeing           |       |       |       |       |     2 |       ||     2
       Invisible         |       |       |       |       |       |     3 ||     3
